 Dungeon Crawl Stone Soup version 0.30-a0-723-gc1506a1cf0 (webtiles) character file.

Game seed: 7329862903930020725

162 teh the Conjurer (level 5, 38/38 HPs)
             Began as a Demonspawn Conjurer on Jan 28, 2023.
             Quit the game on level 3 of the Dungeon.
             The game lasted 00:03:22 (2660 turns).

teh the Conjurer (Demonspawn Conjurer)              Turns: 2660, Time: 00:03:23

Health: 38/38      AC:  6    Str:  7    XL:     5   Next: 19%
Magic:  9/9        EV: 11    Int: 24    God:
Gold:   152        SH:  0    Dex: 13    Spells: 6/9 levels left

rFire   + . .      SeeInvis .    l - +7 sling of Inflation {flame, rF+ Int+2 Dex+2}
rCold   . . .      Faith    .    (no shield)
rNeg    . . .      Spirit   .    d - +0 leather armour
rPois   .          Reflect  .    (helmet restricted)
rElec   .          Harm     .    a - +0 cloak
rCorr   .          Rampage  .    c - +1 pair of gloves
Will    .....                    (no boots)
Stlth   ++                       (no amulet)
HPRegen 0.26/turn                (no ring)
MPRegen 0.11/turn                (no ring)

@: no status effects
A: antennae 2, demonic guardian 1, foul stench 1
a: no special abilities


You were on level 3 of the Dungeon.
You visited 1 branch of the dungeon, and saw 3 of its levels.

You collected 152 gold pieces.

Inventory:

Hand Weapons
 k - a +0 short sword
 l - the +7 sling of Inflation (weapon) {flame, rF+ Int+2 Dex+2}
   (You found it on level 2 of the Dungeon)

   Int:       It affects your intelligence (+2).
   Dex:       It affects your dexterity (+2).
   rF:        It protects you from fire.
Armour
 a - a +0 cloak (worn)
 c - a +1 pair of gloves (worn)
 d - a +0 leather armour (worn)
Scrolls
 e - 2 scrolls of teleportation
 i - a scroll of vulnerability
 n - a scroll of enchant armour
Potions
 b - a potion of magic
 f - a potion of might
 g - a potion of curing
 h - a potion of lignification
 j - a potion of flight
 m - a potion of resistance {unknown}
 o - 2 potions of brilliance {unknown}
 p - a potion of degeneration {unknown}


   Skills:
 + Level 2.0 Fighting
 + Level 2.6 Dodging
 + Level 2.8 Stealth
 + Level 2.8 Spellcasting
 + Level 4.5 Conjurations


You had 6 spell levels left.
You knew the following spells:

 Your Spells              Type           Power      Damage    Failure   Level
a - Magic Dart            Conj           100%       1d8       2%          1
b - Searing Ray           Conj           50%        2d6       3%          2

Your spell library contained the following spells:

 Spells                   Type           Power      Damage    Failure   Level
 Necrotise                Necr           12%        1d4       17%         1
 Dazzling Flash           Conj/Hex       28%        N/A       19%         3
 Vampiric Draining        Necr           3%         2d6       45%         3
 Fulminant Prism          Conj/Hex       7%         3d7       54%         4
 Iskenderun's Mystic Bla  Conj/Tloc      14%        2d5       54%         4
 Agony                    Necr           3%         N/A       99%         5


Dungeon Overview and Level Annotations

Branches:
Dungeon (3/15)

Altars:
Fedhas

Shops:
D:1 (   D:3 *[:::

Annotations:
D:3 1 runed translucent door, Crazy Yiuf


Innate Abilities, Weirdness & Mutations

You have a pair of antennae on your head.
A weak demonic guardian rushes to your aid.
You may rarely emit foul miasma when damaged in melee.


Message History

You now have 152 gold pieces (gained 9).
You see here a +0 plate armour.
Found Peuffuv's Book Shoppe.
You sense a monster nearby.
Terence the Incautious comes into view.
He is wielding a +0 hand axe.
There is an entrance to Peuffuv's Book Shoppe here.
Terence is nearby!
You shoot a sling bullet.
The sling bullet hits Terence but does no damage.
Terence shouts!
You shoot a sling bullet. The sling bullet hits Terence.
The sling bullet burns Terence.
Terence is lightly wounded.
You shoot a sling bullet. The sling bullet hits Terence.
The sling bullet burns Terence.
Terence is moderately wounded.
Terence closely misses you.
You shoot a sling bullet.
The sling bullet closely misses Terence.
Terence hits you with a +0 hand axe. Terence hits you but does no damage.
You shoot a sling bullet. The sling bullet hits Terence.
The sling bullet burns Terence.
Terence is heavily wounded.
Terence closely misses you.
You shoot a sling bullet. The sling bullet hits Terence.
The sling bullet burns Terence.
Terence is severely wounded.
Terence hits you but does no damage. Terence hits you with a +0 hand axe.
You shoot a sling bullet. The sling bullet hits Terence.
The sling bullet burns Terence.
Terence is almost dead.
Terence barely misses you.
You shoot a sling bullet. The sling bullet hits Terence.
The sling bullet burns Terence.
You kill Terence!
Your Fighting skill increases to level 2!
No target in view!
No target in view!
HP restored.
Are you sure you want to abandon this character and quit the game? (Confirm with "yes".)

##.#.........#
######....†..#
#.####..##### #..
..........<#
#.####..#
##.#######.#.####
#.......# ##...##
#.### #.#####.#
.....# #.# #.# #.#
....# #.# ##.# #<#
#.#.# #. .(.# #.#
#)#.#####. #..#####.#
#@........ #........#
##..####.. #.########
#.####..# ..# ...[#
#.......# #.# ....#
######.## #.# ....#
#.# #.# #...#
#####.#####.##)######
......#
#...........##.##⌠.⌠#
##.##.#
#.###.########.##.∩..


There were no monsters in sight!

Vanquished Creatures
  An orc priest (D:2)
  Natasha (twice) (D:3)
  Terence (D:3)
  2 adders (D:3)
  A worm (D:2)
  A dart slug (D:2)
  4 orcs (D:2)
  3 ball pythons
  4 endoplasms
  5 goblins
  3 hobgoblins
  A jackal (D:2)
  A kobold (D:1)
  A quokka (D:3)
  2 frilled lizards
  2 rats (D:3)
34 creatures vanquished.

Notes
Turn   | Place    | Note
-------+----------+-------------------------------------------
     0 | D:1      | teh the Demonspawn Conjurer began the quest for the Orb.
     0 | D:1      | Reached XP level 1. HP: 13/13 MP: 3/3
   918 | D:1      | Found Ireoxam's Weapon Boutique.
  1111 | D:2      | Gained mutation: You may rarely emit foul miasma when
                  | damaged in melee. [demonic ancestry]
  1111 | D:2      | Reached XP level 2. HP: 4/20 MP: 1/5
  1189 | D:2      | Learned a level 2 spell: Searing Ray
  1258 | D:2      | Identified the +7 sling of Inflation {flame, rF+ Int+2
                  | Dex+2}
  1334 | D:2      | Found a blossoming altar of Fedhas.
  1780 | D:2      | Reached skill level 1 in Fighting
  1782 | D:2      | Gained mutation: You have a pair of small antennae on your
                  | head. [demonic ancestry]
  1782 | D:2      | Reached XP level 3. HP: 26/26 MP: 6/6
  1970 | D:3      | Noticed Natasha
  1976 | D:3      | Killed Natasha
  1977 | D:3      | Gained mutation: You have a pair of antennae on your head.
                  | [demonic ancestry]
  1977 | D:3      | Reached XP level 4. HP: 32/32 MP: 7/7
  2016 | D:3      | Found a runed translucent door.
  2017 | D:3      | Noticed Crazy Yiuf
  2059 | D:3      | Noticed Natasha
  2062 | D:3      | Killed Natasha
  2247 | D:3      | Found Beurul's Assorted Antiques.
  2376 | D:3      | Found Xajadoeczo's Antique Armour Shoppe.
  2439 | D:3      | Found Achiff's Book Shoppe.
  2472 | D:3      | Found Aluracae's Book Emporium.
  2482 | D:3      | Gained mutation: A weak demonic guardian rushes to your
                  | aid. [demonic ancestry]
  2482 | D:3      | Reached XP level 5. HP: 38/38 MP: 9/9
  2636 | D:3      | Found Peuffuv's Book Shoppe.
  2644 | D:3      | Noticed Terence
  2652 | D:3      | Killed Terence
  2660 | D:3      | Quit the game

Illustrated notes

Levels and vault maps discovered:
D:1:      dpeg_arrival_three_bigger_balls, layout_basic, serial_shops, shop
D:2:      layout_loops_corners, basic_altar, st_stairs_14
D:3:      layout_loops_ring, serial_shops, shop, shop_fountains,
          nicolae_shop_trees, nicolae_shop_hallway_stairs,
          nicolae_shop_waterfront, hangedman_abyss_or_decor_stabs,
          hangedman_abyss_or_decor_lesser_grid, uniq_terence,
          uniq_crazy_yiuf_cottage, uniq_natasha

Skill      XL: |  1  2  3  4  5 |
---------------+----------------+-----
Dodging        | 2 |  2.6
Stealth        | 2 |  2.8
Fighting       | 1 2 |  2.0
Spellcasting   | |  2.8
Conjurations   | |  4.5

Action                     |  1- 3 |  4- 6 || total
---------------------------+-------+-------++-------
  Melee: Short sword       |     9 |       ||     9
   Fire: Sling             |    25 |    23 ||    48
   Cast: Magic Dart        |    14 |       ||    14
    Use: Scroll            |     7 |       ||     7
 Armour: Leather armour    |     3 |     4 ||     7
  Dodge: Dodged            |     5 |     7 ||    12

Table legend: (Time is in decaauts)
 A = Elapsed time spent in this place.
 B = Non-inter-level travel time spent in this place.
 C = Inter-level travel time spent in this place.
 D = Time resting spent in this place.
 E = Time spent auto-exploring this place.
 F = Levels seen in this place.
 G = Mean time per level.
                   A        B        C        D        E       F      G
               +--------+--------+--------+--------+--------+-----+--------+
         Total |   2681 |   2503 |    178 |      0 |   2245 |   3 |  893.7 |
       Dungeon |   2681 |   2503 |    178 |      0 |   2245 |   3 |  893.7 |
               +--------+--------+--------+--------+--------+-----+--------+

Top non-repeatable levels by time:
     D:1: 1057 daAuts
     D:2: 920 daAuts
     D:3: 702 daAuts
